Map: Goldenaura LE

Players

DRG - Winner!

  • Race: Zerg Zerg
  • Spawn Location: 12:00

GuMiho

  • Race: Terran Terran
  • Spawn Location: 5:00

VOD

Have the link to the VOD?

Description

Time

  • Played on: Dec. 27, 2023, 6:17 a.m.
  • Length: 13:16
Show
View Real Time Build Order
Export as new Build Order

DRG Zerg - Winner!

Build Orders: Hatch First 

Get SALT Encoding   

  12  0:00  Drone  
  13  0:12  Overlord  
  13  0:17  Drone  
  14  0:30  Drone x2  
  16  0:48  Hatchery  
  15  0:51  Drone  
  15  0:55  Drone  
  17  0:58  Drone  
  18  1:08  Extractor  
  17  1:13  Spawning Pool  
  17  1:16  Drone  
  17  1:20  Drone  
  18  1:27  Drone  
  19  1:38  Drone  
  20  1:49  Drone  
  21  1:59  Queen  
  21  2:00  Zergling x4, Queen  
  27  2:10  Overlord  
  27  2:12  Zergling x2  
  27  2:13  Metabolic Boost  
  28  2:24  Spore Crawler  
  27  2:31  Spore Crawler  
  27  2:32  Drone  
  27  2:34  Drone  
  28  2:41  Spore Crawler  
  28  2:45  Hatchery  
  28  2:50  Overlord  
  28  2:53  Queen  
  30  3:00  Overlord  
  30  3:02  Drone  
  31  3:07  Zergling x4  
  31  3:10  Zergling x2  
  34  3:15  Zergling x10  
  39  3:26  Drone x2  
  41  3:32  Hatchery  
  40  3:35  Drone x2  
  42  3:42  Queen  
  42  3:47  Drone x3  
  47  3:52  Overlord  
  47  3:54  Drone  
  48  3:56  Drone  
  48  4:01  Drone x3  
  52  4:05  Overlord  
  52  4:11  Drone  
  52  4:13  Drone  
  52  4:17  Drone x3  
  57  4:20  Queen  
  59  4:24  Queen  
  59  4:29  Drone x2  
  63  4:33  Overlord  
  63  4:39  Drone  
  63  4:42  Drone  
  65  4:46  Drone, Baneling Nest  
  65  4:48  Queen  
  65  4:49  Drone  
  68  4:53  Zergling x10  
  68  4:56  Zergling x4  
  75  5:00  Zergling x2  
  75  5:02  Queen  
  75  5:05  Zergling x2  
  79  5:08  Overlord  
  79  5:11  Zergling x2  
  80  5:16  Overlord  
  78  5:23  Drone x2  
  78  5:25  Drone x4  
  78  5:26  Lair  
  75  5:31  Drone x4  
  75  5:33  Drone x2  
  75  5:35  Drone x2  
  82  5:37  Drone  
  82  5:40  Extractor x2  
  82  5:41  Drone  
  82  5:45  Drone  
  82  5:47  Drone  
  84  5:52  Drone  
  84  5:56  Overlord  
  85  5:58  Drone  
  85  6:00  Evolution Chamber, Extractor  
  85  6:01  Extractor, Drone x3, Hatchery, Evolution Chamber  
  84  6:10  Zergling x6  
  89  6:14  Zergling x6  
  90  6:20  Zergling x8  
  94  6:28  Drone x2  
  94  6:29  Drone  
  94  6:30  Centrifugal Hooks, Zerg Melee Weapons Level 1  
  97  6:36  Zerg Ground Armor Level 1  
  97  6:38  Overlord  
  97  6:40  Overlord x2  
  97  6:45  Overlord x2  
  97  6:46  Overlord  
  97  6:48  Zergling x2  
  97  6:49  Overseer, Overlord  
  98  6:56  Hydralisk Den, Drone  
  98  6:57  Baneling x7  
  98  7:03  Zergling x18  
  106  7:08  Drone  
  106  7:09  Zergling x8  
  111  7:23  Drone x6  
  111  7:25  Baneling x7  
  111  7:27  Grooved Spines  
  117  7:30  Zergling x10  
  117  7:33  Zergling x2  
  123  7:40  Queen, Zergling x12  
  119  7:44  Baneling  
  119  7:46  Zergling x2  
  119  7:47  Zergling x8  
  122  7:53  Drone x2  
  122  7:57  Hydralisk x4  
  132  8:03  Hydralisk x2  
  132  8:05  Baneling x6  
  136  8:10  Zergling x12  
  142  8:13  Overlord  
  142  8:16  Zergling x4  
  142  8:18  Zergling x2, Muscular Augments  
  142  8:19  Zergling x4  
  141  8:21  Baneling  
  141  8:22  Baneling x4  
  125  8:31  Hydralisk x2  
  118  8:35  Zergling x12  
  118  8:41  Drone x7  
  126  8:44  Extractor  
  126  8:47  Zergling x4  
  127  8:51  Drone x2  
  127  8:53  Extractor, Zerg Ground Armor Level 2  
  127  8:54  Zergling x8  
  132  8:55  Hatchery  
  132  9:00  Zergling x4  
  133  9:04  Zergling x8  
  133  9:07  Zergling x2  
  133  9:10  Baneling x2  
  133  9:16  Zergling x12  
  134  9:18  Queen x2  
  134  9:20  Baneling x8  
  134  9:21  Zergling x10  
  142  9:26  Zergling x4  
  138  9:33  Baneling x7  
  136  9:40  Zergling x14  
  136  9:44  Hatchery, Zergling x4  
  144  9:49  Zergling x4  
  144  9:50  Baneling x3  
  144  9:51  Baneling x5  
  146  9:55  Overlord x2  
  145  10:00  Baneling x5  
  145  10:04  Overlord  
  145  10:06  Baneling x3  
  145  10:07  Overlord  
  145  10:09  Zergling x12  
  145  10:10  Overlord x2  
  145  10:13  Zergling x2  
  145  10:14  Zergling x2  
  153  10:17  Hydralisk x3  
  153  10:19  Zergling x2  
  158  10:25  Zergling x4  
  141  10:36  Zergling x10  
  141  10:38  Hydralisk x4  
  153  10:43  Zergling x2  
  153  10:46  Hydralisk x3  
  153  10:49  Zergling x4  
  142  10:54  Zergling x2  
  142  10:56  Zergling x4  
  141  10:57  Baneling x2  
  141  11:01  Zergling x6  
  142  11:07  Zergling x12  
  148  11:11  Zergling x2  
  148  11:15  Zergling x8  
  153  11:21  Zergling x4  
  155  11:31  Zergling x6  
  158  11:32  Baneling  
  158  11:33  Baneling x3  
  158  11:38  Zergling x10  
  158  11:39  Zergling x8  
  162  11:42  Zergling x2  
  162  11:44  Baneling  
  162  11:45  Baneling  
  163  11:48  Baneling Nest  
  163  11:49  Zergling x8  
  163  11:55  Zergling x12  
  163  11:58  Zergling x6  
  172  12:03  Hydralisk x4  
  180  12:10  Zergling x6  
  180  12:15  Zergling x8  
  180  12:26  Zergling x12  
  185  12:31  Baneling x20  
  185  12:33  Zergling x2  
  186  12:38  Zergling x2  
  186  12:39  Zergling x8  
  191  12:46  Overlord x2  
  188  12:55  Zergling x20  
Show
View Real Time Build Order
Export as new Build Order

GuMiho Terran 

Build Orders:  

Get SALT Encoding   

  12  0:00  SCV  
  13  0:12  SCV  
  14  0:17  Supply Depot  
  14  0:24  SCV  
  15  0:39  SCV, Barracks  
  16  0:43  Refinery  
  16  0:51  SCV  
  17  0:59  Barracks  
  17  1:03  SCV  
  18  1:15  SCV  
  19  1:26  Reaper  
  19  1:27  Orbital Command  
  19  1:32  Supply Depot  
  20  1:46  Reaper  
  21  1:52  SCV  
  22  2:01  Reaper  
  22  2:04  SCV  
  24  2:11  Command Center  
  24  2:16  SCV  
  24  2:18  Refinery  
  24  2:22  Reaper  
  26  2:29  SCV  
  27  2:41  SCV  
  28  2:53  SCV, Barracks  
  28  2:55  Barracks Tech Lab  
  28  2:56  Barracks Reactor  
  29  3:05  SCV  
  30  3:15  Marine  
  30  3:16  Stimpack  
  31  3:23  Orbital Command, SCV  
  31  3:26  Factory  
  32  3:33  Marine x3  
  35  3:35  SCV  
  35  3:39  Supply Depot  
  35  3:40  Barracks Reactor  
  36  3:45  Supply Depot  
  36  3:47  SCV  
  37  3:50  SCV  
  37  3:52  Marine x3  
  41  3:59  SCV  
  41  4:02  SCV  
  43  4:10  Marine x3  
  43  4:11  SCV, Starport  
  43  4:13  Factory Reactor  
  43  4:14  Supply Depot, SCV  
  48  4:17  Marine x2  
  48  4:23  SCV  
  51  4:25  Refinery  
  51  4:26  Supply Depot, SCV  
  52  4:36  SCV, Marine  
  52  4:37  Marine x4  
  59  4:38  SCV  
  59  4:42  Supply Depot  
  59  4:48  SCV  
  59  4:49  Engineering Bay  
  59  4:50  SCV  
  61  4:55  Supply Depot  
  61  4:57  Marine x4  
  61  4:58  Marine  
  66  5:03  Medivac  
  66  5:05  Medivac  
  70  5:08  Factory Tech Lab  
  70  5:12  SCV x2  
  72  5:19  Marine x3  
  72  5:20  Marine x2  
  77  5:28  SCV x2  
  70  5:31  Siege Tank  
  67  5:36  Terran Infantry Weapons Level 1  
  67  5:37  Marine x2  
  67  5:40  Combat Shield, SCV  
  70  5:45  Marine x2  
  70  5:48  Marine  
  73  5:51  Supply Depot  
  72  5:58  Marine x2  
  72  6:00  Medivac  
  72  6:01  Medivac  
  72  6:03  Marine x2  
  80  6:06  Marine  
  80  6:07  Siege Tank  
  80  6:09  Refinery  
  84  6:18  Barracks  
  84  6:19  Barracks  
  84  6:21  Marine x4  
  84  6:24  Marine  
  89  6:30  SCV x2  
  91  6:38  Marine  
  91  6:39  Marine x3  
  95  6:42  Siege Tank, SCV x2  
  101  6:57  Supply Depot  
  101  6:58  Supply Depot  
  101  6:59  Supply Depot  
  101  7:01  Medivac  
  101  7:05  Factory  
  102  7:09  Barracks Reactor x2  
  102  7:14  Supply Depot  
  102  7:18  Medivac  
  102  7:21  Marine x3  
  107  7:24  Marine x2  
  107  7:27  Siege Tank  
  112  7:32  Terran Infantry Armor Level 1  
  112  7:39  Marine x3  
  112  7:42  Marine x2  
  100  7:50  Marine x2  
  100  7:51  Marine x2  
  102  7:55  Supply Depot x2  
  102  7:56  Medivac x2, Factory Tech Lab  
  102  7:57  Marine x3  
  111  7:59  Siege Tank  
  111  8:00  Marine x2  
  116  8:08  Marine x2  
  116  8:09  Marine x2  
  120  8:15  Marine x3  
  120  8:18  Marine x2  
  118  8:26  Marine x2  
  118  8:27  Marine x2  
  113  8:32  Marine  
  113  8:33  Marine x2  
  112  8:36  Marine x2  
  105  8:43  Siege Tank, Marine  
  105  8:44  Siege Tank, Marine x3  
  115  8:50  Marine x3  
  115  8:53  Marine, Medivac  
  115  8:54  Marine  
  122  9:01  Marine x2  
  122  9:02  Marine x2  
  124  9:08  Marine x3  
  129  9:11  Marine x2  
  122  9:19  Marine x2  
  122  9:20  Marine x2  
  107  9:26  Marine x3  
  107  9:29  Marine  
  108  9:37  Marine x2  
  108  9:38  Marine  
  111  9:44  Marine  
  112  9:46  Marine  
  112  9:47  Marine  
  112  9:49  Marine  
  114  9:59  Siege Tank  
  115  10:11  Marine x3  
  115  10:12  Marine  
  115  10:13  Marine  
  120  10:16  Marine  
  120  10:23  Siege Tank  
  120  10:25  Marine  
  113  10:37  Marine x2  
  102  10:43  Marine  
  102  10:45  Marine x3  
  102  10:47  Marine x2  
  96  10:50  Marine  
  96  10:55  Marine  
  90  10:59  Marine  
  90  11:01  Marine  
  90  11:02  Marine  
  93  11:04  Marine  
  93  11:05  Marine  
  95  11:15  Marine x2  
  97  11:20  Siege Tank  
  100  11:29  Siege Tank  
  103  11:37  Marine x2  
  103  11:39  Marine x2  
  107  11:49  Marine  
  107  11:50  Marine x2  
  107  11:51  Marine  
  111  12:00  Medivac  
  112  12:06  Marine x2  
  112  12:07  Marine x3  
  113  12:27  Medivac  
  107  12:30  Medivac  
  107  12:32  Siege Tank  
  112  12:40  Siege Tank  
Tags
 
Matchup
TvZ
Player
DRGGuMiho
Replay Pack
December 2023
Spawn Locations
Cross Positions
Add a new tag
Caveats
  • Supply blocks, unpowered buildings, or Contaminate may cause inaccurate times.
  • Supply counts are checked every 10 seconds.